 Dungeon Crawl Stone Soup version 0.30-b1-2-g02819fbbbe (webtiles) character file.

Game seed: 8343847899165353556

1134 LLlMATKO the Chopper (level 8, -1/71 HPs)
             Began as a Minotaur Berserker on July 2, 2023.
             Was a Believer of Trog.
             Slain by an orc
             ... wielding a +0 short sword
              (4 damage)
             ... on level 4 of the Dungeon.
             The game lasted 00:02:28 (4305 turns).

LLlMATKO the Chopper (Minotaur Berserker)           Turns: 4305, Time: 00:02:29

Health: -1/71      AC:  8    Str: 23    XL:     8   Next: 14%
Magic:  7/7        EV:  9    Int:  4    God:    Trog [**....]
Gold:   281        SH:  0    Dex: 17    Spells: 7/7 levels left

rFire   . . .        a - +0 hand axe
rCold   . . .        (no shield)
rNeg    . . .        t - +0 plate armour
rPois   .            (helmet restricted)
rElec   .            (no cloak)
rCorr   .            (no gloves)
SInv    .            (no boots)
Will    .....        (no amulet) Stlth
                     g - +6 ring of dexterity
HPRegen 0.31/turn    p - +4 ring of protection
MPRegen 0.10/turn

%: no passive effects
@: corroded, on berserk cooldown, slowed, very slow
A: horns 2, retaliatory headbutt
a: Renounce Religion, Berserk, Trog's Hand


You were on level 4 of the Dungeon.
You worshipped Trog.
Trog was pleased with you.
You visited 1 branch of the dungeon, and saw 5 of its levels.

You collected 281 gold pieces.

Inventory:

Hand Weapons
 a - a +0 hand axe (weapon)
Armour
 t - a +0 plate armour (worn)
Jewellery
 g - a +6 ring of dexterity (left hand)
 n - a ring of resist corrosion
 p - a +4 ring of protection (right hand)
 s - a +4 ring of slaying
Scrolls
 e - 2 scrolls of amnesia {unknown}
 f - 2 scrolls of identify {unknown}
 h - a scroll of noise {unknown}
 i - 2 scrolls of magic mapping {unknown}
 j - a scroll of immolation {unknown}
 k - 4 scrolls of fog {unknown}
 l - a scroll of butterflies {unknown}
 m - a scroll of blinking {unknown}
 q - a scroll of brand weapon {unknown}
 r - a scroll of enchant weapon {unknown}
 u - a scroll of fear {unknown}
Potions
 b - 2 potions of invisibility {unknown}
 c - a potion of heal wounds {unknown}
 d - 3 potions of curing {unknown}
 o - 4 potions of haste {unknown}


   Skills:
 + Level 6.8 Fighting
 + Level 6.8 Axes
 + Level 6.2 Armour
 + Level 5.6 Dodging


You had 7 spell levels left.
You didn't know any spells.
Your spell library was empty.

Dungeon Overview and Level Annotations

Branches:
Dungeon (5/15)
 Temple: D:4-7

Altars:
Sif Muna

Annotations:
D:4 Duvessa


Innate Abilities, Weirdness & Mutations

You have a pair of horns on your head.
You reflexively headbutt those who attack you in melee.


Message History

You hit the jelly but do no damage.
Your hands burn!
The jelly hits you but does no damage. The jelly closely misses you.
You furiously retaliate!
You headbutt the jelly!
Duvessa goes berserk!
The jelly barely misses you. The orc hits you but does no damage.
You see here a +1 vampiric hand axe.
The orc attacks as you move away! The orc hits you but does no damage.
The jelly hits you but does no damage. The orc closely misses you.
You furiously retaliate!
You headbutt the orc. The orc hits you but does no damage. The jelly hits you.
The acid corrodes you!
You are splashed with acid!
The orc barely misses you. The jelly hits you but does no damage.
Found a stone staircase leading down.
The jelly hits you but does no damage.
Duvessa rages.
You hear a shout!
The jelly attacks as you move away! The jelly misses you.
The jelly hits you but does no damage. The jelly attacks as you move away!
The jelly barely misses you. Duvessa hits you but does no damage.
Duvessa barely misses you. The jelly hits you. The acid corrodes you!
You are splashed with acid.
You hear a shout!
There is a stone staircase leading up here.
Duvessa barely misses you.
Duvessa hits you with a +1 short sword of speed.
Duvessa misses you. The jelly hits you but does no damage.
The orc hits you but does no damage. Duvessa closely misses you.
You furiously retaliate!
You headbutt Duvessa.
You climb upwards.
There is a stone staircase leading down here.
You hit Duvessa but do no damage.
Duvessa is lightly wounded.
You hit the jelly but do no damage.
Your hands burn!
You closely miss the orc. Duvessa completely misses you.
The orc barely misses you. The jelly completely misses you.
Duvessa hits you with a +1 short sword of speed!
* * * LOW HITPOINT WARNING * * *
Duvessa hits you with a +1 short sword of speed!
* * * LOW HITPOINT WARNING * * *
The orc hits you with a +0 short sword.
You die...

#........# #................
#........# ###........).....
#........# #..............
#........# #..............
#........# #..............
###.#.#### #........).....
######.#.# #..............
.......#.###########.............
+#######.......e@.#########.#####
....# #........oJ# #.# ....#
#..........# #.# ....#
#.########## ####.# ....# #.#
#.##.# ....# #.# #.#..#
....####.# #.#.## .........#
#.#.###### .......### #.#.......


You could see Duvessa (berserk), a jelly and an orc.

Vanquished Creatures
  Pikel (D:4)
  Edmund (D:5)
  4 lemures (D:4)
  Dowan (D:5)
  2 howler monkeys
  2 orc priests
  3 iguanas
  4 orc wizards
  4 gnolls (D:3)
  6 adders
  4 worms
  2 dart slugs (D:3)
  9 orcs
  6 endoplasms
  A giant cockroach (D:2)
  6 goblins
  4 hobgoblins
  6 jackals
  4 quokkas
  4 ball pythons
  5 bats
  4 frilled lizards
  6 kobolds
  5 rats
94 creatures vanquished.

Vanquished Creatures (others)
  A giant cockroach (D:2)
1 creature vanquished.

Grand Total: 95 creatures vanquished

Notes
Turn   | Place    | Note
-------+----------+-------------------------------------------
     0 | D:1      | LLlMATKO the Minotaur Berserker began the quest for the
                  | Orb.
     0 | D:1      | Reached XP level 1. HP: 19/19 MP: 0/0
   445 | D:1      | Reached XP level 2. HP: 23/27 MP: 1/1
  1233 | D:2      | Reached XP level 3. HP: 33/33 MP: 2/2
  1634 | D:2      | Reached ** piety under Trog
  1970 | D:3      | Reached XP level 4. HP: 39/41 MP: 3/3
  2460 | D:3      | Reached XP level 5. HP: 47/47 MP: 4/4
  2619 | D:3      | Reached skill level 5 in Fighting
  2619 | D:3      | Reached skill level 5 in Axes
  3219 | D:4      | Found a shimmering blue altar of Sif Muna.
  3420 | D:4      | Reached XP level 6. HP: 50/56 MP: 5/5
  3483 | D:4      | Noticed Pikel
  3498 | D:4      | Killed Pikel
  3499 | D:4      | Reached skill level 5 in Armour
  3499 | D:4      | Reached skill level 5 in Dodging
  3499 | D:4      | Reached XP level 7. HP: 47/63 MP: 6/6
  4184 | D:5      | Entered Level 5 of the Dungeon
  4265 | D:5      | Noticed Edmund
  4267 | D:5      | Noticed Dowan
  4279 | D:5      | Killed Edmund
  4280 | D:5      | Reached XP level 8. HP: 71/71 MP: 7/7
  4288 | D:5      | Killed Dowan
  4291 | D:5      | Noticed Duvessa
  4305 | D:4      | HP: 3/71 [Duvessa/+1 short sword of speed (12)]
  4305 | D:4      | Slain by an orc

Illustrated notes

Levels and vault maps discovered:
D:1:      dpeg_arrival_central, layout_basic
D:2:      layout_basic, lemuel_flame_loot_1
D:3:      layout_basic
D:4:      layout_basic, led_sif_book, uniq_pikel
D:5:      layout_rooms, grunt_temple_overflow_lords_of_destruction,
          cheibrodos_ashenzari_chains, minmay_temple_entry_trees, uniq_edmund,
          uniq_duvessa

Skill      XL: |  1  2  3  4  5  6  7 |
---------------+----------------------+-----
Fighting       | 4 5 6 |  6.8
Axes           | 4 5 6 |  6.8
Armour         | 3 4 5 6 |  6.2
Dodging        | 3 4 5 |  5.6

Action                     |  1- 3 |  4- 6 |  7- 9 || total
---------------------------+-------+-------+-------++-------
  Melee: Hand axe          |    83 |    80 |    49 ||   212
         Headbutt          |     7 |    17 |    11 ||    35
         Punch             |     1 |     1 |     1 ||     3
 Invoke: Berserk           |     1 |     3 |     2 ||     6
 Armour: Animal skin       |     4 |       |       ||     4
         Scale mail        |    20 |       |       ||    20
         Chain mail        |     1 |    20 |       ||    21
         Plate armour      |       |    15 |    39 ||    54
  Dodge: Dodged            |    46 |    29 |    28 ||   103
